 Dungeon Crawl Stone Soup version 0.32-a0-928-g1cae6b7ea0 (webtiles) character file.

Game seed: 14640256743255295848

354 alprk the Covered (level 6, -5/53 HPs)
             Began as a Minotaur Fighter on Apr 12, 2024.
             Killed from afar by Dowan (16 damage)
             ... with a shard of ice
             ... on level 4 of the Dungeon.
             The game lasted 00:04:34 (2409 turns).

alprk the Covered (Minotaur Fighter)                Turns: 2409, Time: 00:04:36

Health: -5/53      AC:  7    Str: 22    XL:     6   Next: 35%
Magic:  5/5        EV:  9    Int:  5    God:
Gold:   99         SH:  4    Dex: 10    Spells: 5/5 levels left

rFire   . . .        a - +1 long sword
rCold   . . .        c - +0 buckler
rNeg    . . .        b - +0 scale mail
rPois   .            (helmet restricted)
rElec   .            (no cloak)
rCorr   .            (no gloves)
SInv    .            (no boots)
Will    .....        (no amulet) Stlth
                     (no ring)
HPRegen 0.28/turn    (no ring)
MPRegen 0.09/turn

%: no passive effects
@: mighty
A: horns 2, retaliatory headbutt
a: no special abilities


You were on level 4 of the Dungeon.
You visited 1 branch of the dungeon, and saw 4 of its levels.

You collected 99 gold pieces.

Inventory:

Hand Weapons
 a - a +1 long sword (weapon)
Missiles
 i - 2 poisoned darts
Armour
 b - a +0 scale mail (worn)
 c - a +0 buckler (worn)
Scrolls
 e - a scroll of blinking
 k - 2 scrolls of noise
Potions
 f - a potion of mutation {unknown}
 h - a potion of curing {unknown}
 l - a potion of heal wounds {unknown}


   Skills:
 + Level 4.6 Fighting
 + Level 5.2 Long Blades
 + Level 5.5 Armour
 + Level 2.2 Dodging
 + Level 4.2 Shields


You had 5 spell levels left.
You didn't know any spells.
Your spell library contained the following spells:

 Spells                   Type           Power      Damage    Failure   Level
 Ensorcelled Hibernation  Hex/Ice        0%         N/A       94%         2
 Call Canine Familiar     Summ           0%         N/A       99%         3
 Fugue of the Fallen      Necr           0%         N/A       99%         3
 Sigil of Binding         Hex            0%         N/A       99%         3
 Anguish                  Hex/Necr       0%         N/A       100%        4
 Dimensional Bullseye     Hex/Tloc       0%         N/A       100%        4


Dungeon Overview and Level Annotations

Branches:
Dungeon (4/15)
 Temple: D:4-7

Altars:

Shops:
D:1 =

Annotations:
D:4 Dowan


Innate Abilities, Weirdness & Mutations

You have a pair of horns on your head.
You reflexively headbutt those who attack you in melee.


Message History

The kobold hits you with a +0 whip.
You slash Duvessa! You headbutt Duvessa!
Duvessa is heavily wounded.
Duvessa barely misses you.
Dowan, Brother of Duvessa comes into view.
He is wielding a +0 dagger.
The kobold hits you but does no damage. Duvessa hits you but does no damage.
You closely miss Duvessa. Your headbutt misses Duvessa.
Duvessa is heavily wounded.
The kobold barely misses you. Duvessa hits you with a +0 rapier.
The kobold hits you with a +0 whip.
You barely miss Duvessa. You headbutt Duvessa!
Duvessa is severely wounded.
Duvessa hits you with a +0 rapier! You block the kobold's attack.
You barely miss Duvessa. You headbutt Duvessa, but do no damage.
Duvessa is severely wounded.
Duvessa hits you with a +0 rapier. Dowan hits you with a +0 dagger.
The kobold closely misses you. You furiously retaliate!
You headbutt the kobold.
You kill the kobold!
You slash Duvessa!
You kill Duvessa!
Dowan screams, "No!
Oh no!"
Dowan seems to find hidden reserves of power!
Dowan points at you and mumbles some strange words.
The shard of ice hits you!
* * * LOW HITPOINT WARNING * * *
Dowan barely misses you.
Your Long Blades skill increases to level 5!
You have reached level 6!
You feel very mighty all of a sudden. Dowan barely misses you.
A jelly comes into view.
You slash Dowan!
Dowan is heavily wounded.
Dowan gestures at you while chanting. The shard of ice hits you.
* * * LOW HITPOINT WARNING * * *
Dowan gestures at you while chanting. The shard of ice hits you!
You die...

... ### ....
..J..
..####.......
#.....!......
#............
#............
#............
#)@e.........
#.)).........
####......#
#.#.....#
#.#..#...#
#.##......
#.# ###. .
#e# .) #.# .


You could see Dowan (fast) and a jelly.

Vanquished Creatures
  Duvessa (D:4)
  A bullfrog (D:3)
  A scorpion (D:4)
  A gnoll (D:1)
  7 adders
  A ribbon worm (D:2)
  2 dart slugs
  4 orcs (D:3)
  4 endoplasms
  2 giant cockroaches
  3 hobgoblins
  7 kobolds
  3 quokkas
  3 ball pythons
  3 bats
  3 frilled lizards (D:3)
  7 goblins
  6 rats
59 creatures vanquished.

Notes
Turn   | Place    | Note
-------+----------+-------------------------------------------
     0 | D:1      | alprk the Minotaur Fighter began the quest for the Orb.
     0 | D:1      | Reached XP level 1. HP: 19/19 MP: 0/0
   317 | D:1      | Reached XP level 2. HP: 20/27 MP: 1/1
   342 | D:1      | Reached skill level 1 in Dodging
   464 | D:1      | Found Lefres's Jewellery Emporium.
   821 | D:2      | Reached XP level 3. HP: 29/33 MP: 2/2
  1130 | D:2      | Reached XP level 4. HP: 37/40 MP: 3/3
  1898 | D:3      | Noticed a bullfrog
  1909 | D:3      | Killed a bullfrog
  1910 | D:3      | Reached skill level 5 in Armour
  1910 | D:3      | Reached XP level 5. HP: 35/46 MP: 4/4
  2386 | D:4      | Noticed Duvessa
  2403 | D:4      | Noticed Dowan
  2407 | D:4      | Killed Duvessa
  2408 | D:4      | Reached skill level 5 in Long Blades
  2408 | D:4      | Reached XP level 6. HP: 12/53 MP: 5/5
  2409 | D:4      | Killed from afar by Dowan

Illustrated notes

Levels and vault maps discovered:
D:1:      heliophobic_arrival_enchanted_forest, layout_loops_ring, serial_shops,
          nicolae_shop_gaudy_bauble, serial_rivers,
          chequers_serial_rivers_small_a, chequers_serial_rivers_micro_a,
          chequers_serial_rivers_small_a, chequers_serial_rivers_small_3,
          chequers_serial_rivers_micro_b
D:2:      layout_basic, grunt_decor_fettered, minmay_diced_spiral
D:3:      layout_basic, serial_glass, glass_columns_a, glass_columns_a,
          serial_bayou_pond_d, minmay_misc_feat_roman
D:4:      layout_rooms, mainiacjoe_overflow_tiny_flanked,
          nicolae_ossuary_entry_catacombs, serial_shops, kennysheep_little_box,
          uniq_duvessa

Skill      XL: |  1  2  3  4  5 |
---------------+----------------+-----
Dodging        | 1 2 |  2.2
Armour         | 4 5 |  5.5
Shields        | 4 |  4.2
Fighting       | 4 |  4.6
Long Blades    | 3 4 5 |  5.2

Action                     |  1- 3 |  4- 6 || total
---------------------------+-------+-------++-------
  Melee: Long sword        |    89 |    74 ||   163
         Headbutt          |     9 |     9 ||    18
  Throw: Stone             |     5 |       ||     5
    Use: Scroll            |     3 |     3 ||     6
         Potion            |       |     1 ||     1
 Armour: Scale mail        |    74 |    69 ||   143
  Dodge: Dodged            |    45 |    47 ||    92
  Block: Buckler           |    14 |    14 ||    28

Table legend: (Time is in decaauts)
 A = Elapsed time spent in this place.
 B = Non-inter-level travel time spent in this place.
 C = Inter-level travel time spent in this place.
 D = Time resting spent in this place.
 E = Time spent auto-exploring this place.
 F = Levels seen in this place.
 G = Mean time per level.
                   A        B        C        D        E       F      G
               +--------+--------+--------+--------+--------+-----+--------+
         Total |   2458 |   2423 |     35 |      0 |   1904 |   4 |  614.5 |
       Dungeon |   2458 |   2423 |     35 |      0 |   1904 |   4 |  614.5 |
               +--------+--------+--------+--------+--------+-----+--------+

Top non-repeatable levels by time:
     D:3: 978 daAuts
     D:1: 750 daAuts
     D:2: 704 daAuts
     D:4: 25 daAuts
